 Dungeon Crawl Stone Soup version 0.23-a0-183-gf37f6fb (webtiles) character file.

26658 mandick the Nimble (level 13, -8/101 HPs)
             Began as a Gnoll Gladiator on Sept 23, 2018.
             Was a Priest of Uskayaw.
             Killed from afar by a quicksilver dragon (27 damage)
             ... with a bolt of dispelling energy
             ... on level 2 of the Orcish Mines.
             The game lasted 01:51:30 (17983 turns).

mandick the Nimble (Gnoll Gladiator)               Turns: 17983, Time: 01:51:31

Health: -8/101     AC: 19    Str: 21    XL:     13   Next: 27%
Magic:  0/25       EV: 13    Int: 17    God:    Uskayaw [***...]
Gold:   1863       SH:  0    Dex: 19    Spells: 28/28 levels left

rFire    . . .     SeeInvis .   a - +11 whip "Mytawaom" {slash, rC+ Int+6}
rCold    + . .     Gourm    .   (no shield)
rNeg     . . .     Faith    .   p - +0 plate armour "Togieweo" {-Tele rPois Dex+2 Slay+5}
rPois    +         Spirit   +   c - +0 helmet
rElec    .         Reflect  .   N - +1 cloak
rCorr    .         Harm     .   (no gloves)
MR       +....     NoTele   +   (no boots)
Stlth    ..........             w - amulet of guardian spirit
HPRegen  0.26/turn              B - +2 ring of protection
MPRegen  0.19/turn              Q - ring of protection from magic

@: no status effects
A: distributed training, fangs 1, strong nose
a: Stomp, Line Pass, Renounce Religion


You were on level 2 of the Orcish Mines.
You worshipped Uskayaw.
Uskayaw was aware of your devotion.
You were not hungry.

You visited 2 branches of the dungeon, and saw 14 of its levels.
You also visited: Sewer and Ice Cave.

You collected 1863 gold pieces.

Inventory:

Hand Weapons
 a - the +11 whip "Mytawaom" (weapon) {slash, rC+ Int+6}
   (You found it on level 11 of the Dungeon)

   It inflicts extra damage upon your enemies.
   It affects your intelligence (+6).
   It protects you from cold.
 b - a +0 blowgun
 l - a +2 double sword
 n - a +2 hand axe of flaming
 u - a +0 hunting sling
 v - a +3 long sword of freezing
 O - a +1 battleaxe of flaming
Missiles
 d - 4 throwing nets
 e - 152 sling bullets
 h - 343 arrows
 k - 396 stones
 y - 17 poisoned needles
 H - 13 tomahawks
 J - 3 curare-tipped needles
 M - a tomahawk of returning (quivered)
Armour
 c - a +0 helmet (worn)
 p - the +0 plate armour "Togieweo" (worn) {-Tele rPois Dex+2 Slay+5}
   (You found it on level 1 of the Orcish Mines)

   It affects your dexterity (+2).
   It affects your accuracy and damage with ranged weapons and melee attacks
   (+5).
   It protects you from poison.
   It prevents most forms of teleportation.
 z - the +5 plate armour of Atraffig {Int+4}
   (You found it on level 5 of the Dungeon)

   It affects your intelligence (+4).
 N - a +1 cloak (worn)
Jewellery
 w - an amulet of guardian spirit (around neck)
 B - a +2 ring of protection (left hand)
 K - a +3 ring of intelligence
 Q - a ring of protection from magic (right hand)
 Y - an uncursed ring of flight
Wands
 x - a wand of flame (27)
 A - a wand of digging (13)
 T - a wand of paralysis (16)
Scrolls
 g - 3 scrolls of magic mapping {unknown}
 o - 6 scrolls of teleportation
 q - 5 scrolls of amnesia {unknown}
 r - 2 scrolls of blinking
 C - 4 scrolls of fog {unknown}
 I - 2 scrolls of enchant weapon
 S - 2 scrolls of acquirement
Potions
 i - 6 potions of curing
 j - 2 potions of resistance
 s - 3 potions of brilliance
 D - 7 potions of flight
 G - 2 potions of agility
 L - 2 potions of might
 U - 2 potions of haste
Miscellaneous
 F - a phial of floods (inert)
Comestibles
 f - 15 rations
 m - 5 chunks of flesh


   Skills:
 + Level 9.3 Fighting
 + Level 8.0 Short Blades
 + Level 8.0 Long Blades
 + Level 10.3 Axes
 + Level 8.0 Maces & Flails
 + Level 8.0 Polearms
 + Level 8.0 Staves
 + Level 8.0 Slings
 + Level 8.0 Bows
 + Level 8.0 Crossbows
 + Level 9.3 Throwing
 + Level 8.0 Armour
 + Level 10.3 Dodging
 + Level 8.0 Stealth
 + Level 8.0 Shields
 + Level 8.0 Unarmed Combat
 + Level 8.0 Spellcasting
 + Level 6.6 Conjurations
 + Level 6.6 Hexes
 + Level 6.6 Charms
 + Level 6.6 Summonings
 + Level 6.6 Necromancy
 + Level 6.6 Translocations
 + Level 6.6 Transmutations
 + Level 6.6 Fire Magic
 + Level 6.6 Ice Magic
 + Level 6.6 Air Magic
 + Level 6.6 Earth Magic
 + Level 6.6 Poison Magic
 + Level 8.8 Invocations
 + Level 8.0 Evocations


You had 28 spell levels left.
You didn't know any spells.
Your spell library contained the following spells:

 Spells                   Type           Power        Failure   Level  Hunger
 Magic Dart               Conj           ####         12%         1    None
 Blink                    Tloc           N/A          19%         2    None
 Call Imp                 Summ           ####....     19%         2    None
 Poisonous Vapours        Pois/Air       ####..       19%         2    None
 Searing Ray              Conj           ####..       19%         2    None
 Slow                     Hex            ####....     19%         2    None
 Conjure Flame            Conj/Fire      ####....     34%         3    #......
 Dazzling Spray           Conj/Hex       ####..       34%         3    #......
 Mephitic Cloud           Conj/Pois/Air  ####....     34%         3    #......
 Force Lance              Conj/Tloc      ####....     75%         4    ###....
 Fulminant Prism          Conj/Hex       ####......   75%         4    ###....
 Iskenderun's Mystic Bla  Conj           ####....     75%         4    ###....
 Freezing Cloud           Conj/Ice/Air   ####......   100%        6    ######.
 Ring of Flames           Chrm/Fire      ####......   100%        7    #######


Dungeon Overview and Level Annotations

Branches:
Dungeon (12/15)            Temple (0/1) D:5            Lair (0/6) D:8
    Orc (2/2) D:9             Elf (0/3) Orc:2

Altars:
Ashenzari
Cheibriados
Dithmenos
Elyvilon
Fedhas
Nemelex Xobeh
Okawaru
Ru
Trog
Uskayaw
Yredelemnul
The Shining One

Shops:
D:5 :   D:6 !   D:8 ?

Annotations:
D:7 1 runed door, Karim's ghost, novice GnFE


Innate Abilities, Weirdness & Mutations

Your experience applies equally to all skills.
You have very sharp teeth.
Your uncanny sense of smell can sniff out nearby items.


Message History

The quicksilver dragon bites you.
* * * LOW HITPOINT WARNING * * *
The quicksilver dragon closely misses you.
You closely miss the quicksilver dragon.
The quicksilver dragon is almost dead.
The quicksilver dragon barely misses you.
The quicksilver dragon closely misses you.
You feel better.
The quicksilver dragon bites you but does no damage.
The quicksilver dragon barely misses you.
You hit the quicksilver dragon.
The quicksilver dragon is almost dead.
The quicksilver dragon barely misses you.
The quicksilver dragon closely misses you.
You closely miss the quicksilver dragon.
You punch the quicksilver dragon, but do no damage.
The quicksilver dragon is almost dead.
The quicksilver dragon breathes dispelling energy at you.
The bolt of dispelling energy hits you!
You die...

#.......## ###... ..
#........###..... o.#
..........#...... o...
###o........#......
o..)##...........#......
#......... #.....)....##
#........####....)....##
......D....###.......##
#.@).##.)...#.....#
##........####....#
#........#.# ......
####.....########..
#....#.# .. ###..### ..
###.# ##


You could see a quicksilver dragon, 2 orc warriors, an orc priest (fleeing) and
an orc (fleeing).

Vanquished Creatures
  2 orc warlords (D:9)
  An ettin (Orc:2)
  The ghost of Karim the Prestidigitator, a journeyman GnAr of Wu Jian (Orc:1)
  A two-headed ogre (D:12)
  Urug (D:9)
  2 orc high priests (Orc:2)
  An unseen horror (D:10)
  Pikel (D:7)
  2 orc knights (D:9)
  2 ugly things (IceCv)
  2 cyclopes (D:11)
  An orc sorcerer (Orc:2)
  5 slime creatures (D:12)
  2 ice statues (IceCv)
  A gargoyle (D:11)
  A komodo dragon (D:10)
  2 ice devils (D:12)
  4 trolls
  A wind drake (Orc:2)
  3 hippogriffs
  3 yaks
  A wraith (D:11)
  2 wyverns (D:12)
  2 hungry ghosts (D:9)
  A basilisk (D:12)
  2 wargs
  A swamp worm (Orc:2)
  A soldier ant (D:12)
  Edmund (D:4)
  An acid dragon (D:12)
  A water moccasin (D:8)
  A water moccasin (shapeshifter) (D:12)
  2 porcupines (D:8)
  5 phantoms
  5 black bears
  A slave (D:7)
  2 necrophages
  8 ice beasts
  18 orc warriors
  2 sky beasts (D:9)
  9 centaurs
  8 ogres
  A crocodile (D:11)
  Blork the orc (D:6)
  7 bullfrogs
  3 scorpions
  A wyvern skeleton (D:6)
  2 troll zombies (D:9)
  8 killer bees
  6 electric eels (D:7)
  4 howler monkeys
  3 centaur zombies
  6 crimson imps
  4 bullfrog zombies
  A hound (D:5)
  6 jellies
  Crazy Yiuf (D:6)
  13 orc priests
  2 bullfrog skeletons
  A centaur skeleton (D:4)
  4 iguanas
  Natasha (twice) (D:4)
  22 orc wizards
  8 worker ants
  A merfolk siren (Sewer)
  A merfolk avatar (Sewer)
  4 ogre zombies (D:9)
  2 hound zombies (D:10)
  A hound skeleton (D:6)
  A mummy (D:8)
  2 worker ant zombies
  Robin (D:3)
  4 gnolls (D:4)
  A howler monkey skeleton (D:4)
  16 adders
  A river rat (Sewer)
  2 shadow imps
  2 oozes
  2 adder zombies
  7 worms
  3 dart slugs
  3 leopard geckos
  55 orcs
  4 giant cockroaches
  13 goblins
  10 hobgoblins
  15 jackals
  3 quokkas
  3 ball pythons (Sewer)
  9 bats
  10 frilled lizards
  3 goblin zombies (D:9)
  3 hobgoblin zombies
  A jackal skeleton (D:5)
  6 kobolds
  A kobold zombie (D:8)
  A leopard gecko zombie (D:5)
  3 orc skeletons (D:9)
  13 orc zombies
  27 rats
  2 fungi (D:6)
  A plant (D:7)
456 creatures vanquished.

Vanquished Creatures (collateral kills)
  A warg (D:9)
  5 orc warriors
  2 ogres (D:9)
  3 orc wizards (Orc:1)
  5 orcs
16 creatures vanquished.

Vanquished Creatures (others)
  A yak (D:7)
  An orc warrior (Orc:2)
  2 slaves (D:7)
  An orc priest (Orc:2)
  Natasha (D:4)
  An orc wizard (Orc:2)
  A hobgoblin (D:4)
8 creatures vanquished.

Grand Total: 480 creatures vanquished

Notes
Turn   | Place    | Note
-------+----------+-------------------------------------------
     0 | D:1      | mandick the Gnoll Gladiator began the quest for the Orb.
     0 | D:1      | Reached XP level 1. HP: 20/20 MP: 1/1
   176 | D:1      | Reached XP level 2. HP: 26/26 MP: 2/2
   598 | D:2      | Reached XP level 3. HP: 19/31 MP: 3/3
   762 | D:2      | Reached skill level 1 in Invocations
   928 | D:2      | Reached skill level 1 in Short Blades
   928 | D:2      | Reached skill level 1 in Long Blades
   928 | D:2      | Reached skill level 1 in Maces & Flails
   928 | D:2      | Reached skill level 1 in Polearms
   928 | D:2      | Reached skill level 1 in Staves
   928 | D:2      | Reached skill level 1 in Slings
   928 | D:2      | Reached skill level 1 in Bows
   928 | D:2      | Reached skill level 1 in Crossbows
   928 | D:2      | Reached skill level 1 in Armour
   928 | D:2      | Reached skill level 1 in Stealth
   928 | D:2      | Reached skill level 1 in Shields
   928 | D:2      | Reached skill level 1 in Unarmed Combat
   928 | D:2      | Reached skill level 1 in Spellcasting
   928 | D:2      | Reached skill level 1 in Evocations
   936 | D:2      | Found a blossoming altar of Fedhas.
   948 | D:2      | Reached XP level 4. HP: 34/38 MP: 5/5
  1534 | D:3      | Reached skill level 1 in Conjurations
  1534 | D:3      | Reached skill level 1 in Hexes
  1534 | D:3      | Reached skill level 1 in Charms
  1534 | D:3      | Reached skill level 1 in Summonings
  1534 | D:3      | Reached skill level 1 in Necromancy
  1534 | D:3      | Reached skill level 1 in Translocations
  1534 | D:3      | Reached skill level 1 in Transmutations
  1534 | D:3      | Reached skill level 1 in Fire Magic
  1534 | D:3      | Reached skill level 1 in Ice Magic
  1534 | D:3      | Reached skill level 1 in Air Magic
  1534 | D:3      | Reached skill level 1 in Earth Magic
  1534 | D:3      | Reached skill level 1 in Poison Magic
  1534 | D:3      | Reached XP level 5. HP: 14/43 MP: 5/7
  1893 | D:3      | Noticed Robin
  1932 | D:3      | Killed Robin
  2053 | D:3      | Found a white marble altar of Elyvilon.
  2207 | D:3      | Reached XP level 6. HP: 4/50 MP: 8/8
  2208 | D:3      | HP: 2/50 [frilled lizard (2)]
  2820 | D:4      | Found a shattered altar of Ashenzari.
  2833 | D:4      | Noticed Natasha
  2842 | D:4      | Killed Natasha
  3024 | D:4      | Reached skill level 5 in Fighting
  3024 | D:4      | Reached skill level 5 in Throwing
  3116 | D:4      | Found a hide-covered altar of Uskayaw.
  3120 | D:4      | Became a worshipper of Uskayaw the Reveler
  3178 | D:4      | Found a sparkling altar of Nemelex Xobeh.
  3213 | D:4      | Reached * piety under Uskayaw
  3217 | D:4      | Reached ** piety under Uskayaw
  3221 | D:4      | Reached *** piety under Uskayaw
  3239 | D:4      | Reached XP level 7. HP: 33/56 MP: 10/10
  3239 | D:4      | Noticed Natasha
  3247 | D:4      | Killed Natasha
  3254 | D:4      | Noticed Edmund
  3261 | D:4      | Killed Edmund
  3442 | D:4      | Noticed Natasha
  3445 | D:4      | Killed Natasha
  3624 | D:5      | Entered Level 5 of the Dungeon
  3825 | D:5      | Reached **** piety under Uskayaw
  4036 | D:5      | Reached XP level 8. HP: 63/63 MP: 12/12
  4040 | D:5      | Found a staircase to the Ecumenical Temple.
  4099 | D:5      | Found Nakoe's Book Shoppe.
  4166 | D:5      | Got a steaming plate armour
  4177 | D:5      | Identified the +5 plate armour of Atraffig {Int+4} (You
                  | found it on level 5 of the Dungeon)
  4938 | D:6      | Reached XP level 9. HP: 69/69 MP: 14/14
  5028 | D:6      | Found a glowing golden altar of the Shining One.
  5184 | D:6      | Noticed Blork the orc
  5194 | D:6      | Killed Blork the orc
  5212 | D:6      | Found a glowing drain.
  5215 | D:6      | Found Coriomis's Distillery.
  5233 | Sewer    | Entered a sewer
  5735 | D:6      | Found a shadowy altar of Dithmenos.
  5842 | D:6      | Found a runed door.
  5846 | D:6      | Noticed Crazy Yiuf
  5856 | D:6      | Killed Crazy Yiuf
  5909 | D:7      | Noticed Pikel
  6100 | D:7      | Killed Pikel
  6527 | D:7      | Reached skill level 5 in Invocations
  6590 | D:7      | Found a sacrificial altar of Ru.
  6769 | D:7      | Found a runed door.
  6795 | D:7      | Noticed Karim's ghost (novice GnFE)
  6847 | D:7      | Reached XP level 10. HP: 70/77 MP: 13/17
  6983 | D:7      | Found a bloodstained altar of Trog.
  7898 | D:8      | Found a basalt altar of Yredelemnul.
  7912 | D:8      | Reached skill level 5 in Short Blades
  7912 | D:8      | Reached skill level 5 in Long Blades
  7912 | D:8      | Reached skill level 5 in Maces & Flails
  7912 | D:8      | Reached skill level 5 in Polearms
  7912 | D:8      | Reached skill level 5 in Staves
  7912 | D:8      | Reached skill level 5 in Slings
  7912 | D:8      | Reached skill level 5 in Bows
  7912 | D:8      | Reached skill level 5 in Crossbows
  7912 | D:8      | Reached skill level 5 in Armour
  7912 | D:8      | Reached skill level 5 in Stealth
  7912 | D:8      | Reached skill level 5 in Shields
  7912 | D:8      | Reached skill level 5 in Unarmed Combat
  7912 | D:8      | Reached skill level 5 in Spellcasting
  7912 | D:8      | Reached skill level 5 in Evocations
  8236 | D:8      | Reached ***** piety under Uskayaw
  8819 | D:8      | Found a snail-covered altar of Cheibriados.
  8871 | D:8      | Found a staircase to the Lair.
  8889 | D:8      | Found Imyforen's Magic Scroll Shoppe.
  9127 | D:9      | Found a staircase to the Orcish Mines.
  9260 | D:9      | Found a flagged portal.
  9587 | D:9      | Found an iron altar of Okawaru.
  9731 | D:9      | Reached XP level 11. HP: 84/84 MP: 19/19
  9788 | D:10     | Entered Level 10 of the Dungeon
 10571 | D:10     | Killed an unseen horror
 10571 | D:10     | Reached skill level 5 in Conjurations
 10571 | D:10     | Reached skill level 5 in Hexes
 10571 | D:10     | Reached skill level 5 in Charms
 10571 | D:10     | Reached skill level 5 in Summonings
 10571 | D:10     | Reached skill level 5 in Necromancy
 10571 | D:10     | Reached skill level 5 in Translocations
 10571 | D:10     | Reached skill level 5 in Transmutations
 10571 | D:10     | Reached skill level 5 in Fire Magic
 10571 | D:10     | Reached skill level 5 in Ice Magic
 10571 | D:10     | Reached skill level 5 in Air Magic
 10571 | D:10     | Reached skill level 5 in Earth Magic
 10571 | D:10     | Reached skill level 5 in Poison Magic
 10920 | D:11     | Noticed a cyclops
 10930 | D:11     | Killed a cyclops
 11187 | D:11     | Noticed a cyclops
 11204 | D:11     | Killed a cyclops
 11547 | D:11     | Identified a scroll of acquirement
 12114 | D:11     | Got a scorched whip
 12115 | D:11     | Identified the +11 whip "Mytawaom" {slash, rC+ Int+6} (You
                  | found it on level 11 of the Dungeon)
 12275 | D:12     | Found a frozen archway.
 12505 | IceCv    | Entered an ice cave
 12505 | IceCv    | Noticed a white ugly thing
 12512 | IceCv    | Found a transporter.
 12535 | IceCv    | Killed a white ugly thing
 12703 | IceCv    | Noticed a white ugly thing
 12706 | IceCv    | Found a transporter.
 12717 | IceCv    | Killed a white ugly thing
 12741 | IceCv    | Reached XP level 12. HP: 27/93 MP: 2/22
 13150 | D:12     | Noticed a two-headed ogre
 13192 | D:12     | Killed a two-headed ogre
 14071 | Orc:1    | Entered Level 1 of the Orcish Mines
 14071 | Orc:1    | Noticed Urug
 14094 | Orc:1    | Noticed an orc warlord
 14096 | Orc:1    | Noticed an orc warlord
 14099 | D:9      | Killed Urug
 14635 | D:9      | Killed an orc warlord
 14987 | D:9      | Killed an orc warlord
 15093 | D:9      | Reached skill level 10 in Axes
 15093 | D:9      | Reached skill level 10 in Dodging
 16158 | Orc:1    | Found a runed door.
 16158 | Orc:1    | Noticed Karim's ghost (journeyman GnAr)
 16610 | Orc:1    | Killed Karim's ghost
 16610 | Orc:1    | Reached XP level 13. HP: 101/101 MP: 20/24
 16621 | Orc:1    | Got a warped plate armour
 16634 | Orc:1    | Identified the +0 plate armour "Togieweo" {-Tele rPois
                  | Dex+2 Slay+5} (You found it on level 1 of the Orcish Mines)
 16663 | Orc:2    | Entered Level 2 of the Orcish Mines
 16663 | Orc:2    | Noticed an ettin
 16678 | Orc:2    | Killed an ettin
 17341 | Orc:2    | Paralysed by an orc sorcerer for 5 turns
 17761 | Orc:2    | Found a staircase to the Elven Halls.
 17887 | Orc:2    | Noticed an orc warlord
 17962 | Orc:2    | Noticed a quicksilver dragon
 17962 | Orc:2    | an orc warlord changed into a quicksilver dragon
 17978 | Orc:2    | HP: 4/101 [quicksilver dragon (7)]
 17983 | Orc:2    | Killed from afar by a quicksilver dragon

Vault maps used:
D:1:      dpeg_arrival_lava_altar
D:2:      fedhas_altar_1
D:3:      elyvilon_altar_3, hangedman_decor_slide_cut, uniq_robin
D:4:      nemelex_altar_shiori, marbit_many_paths,
          ashenzari_conservatory_becter, uniq_natasha, uniq_edmund
D:5:      minmay_temple_entry_purple_smoke, first_ration, serial_shops, shop,
          minmay_hedge_maze, kennysheep_pointless_box
D:6:      lemuel_coloured_pillars_altar, tso_oasis_becter,
          cheibrodos_sewer_entry_bend, serial_shops, shop, uniq_blork_the_orc,
          uniq_crazy_yiuf_cottage
D:7:      nicolae_ru_great_annihilating_truth, trog_ov_bears_minmay,
          ebering_ghost_inner_flame, serial_bayou, serial_bayou_shore_b,
          serial_bayou_pond_e, serial_bayou_shore_b, serial_bayou_lagoon_b,
          serial_bayou_pond_c, serial_bayou_shore_a, uniq_pikel
D:8:      overflow_temple_1_default, nicolae_overflow_hidden_temple,
          cheibrodos_worm_habitat, grunt_lair_entry_orc_guard_hut, serial_shops,
          shop_fountains, minmay_mini_ossuary
D:9:      kennysheep_mini_moat, zombieorc1_lemuel, enter_bailey_2,
          grunt_ogre_cave
D:12:     lab_entry_generic, portal_ice_cave_demonic_guard
Orc:1:    gammafunk_ghost_grave, uniq_urug
Orc:2:    st_orc_elflike
Sewer:    sewer_sea
IceCv:    ice_cave_statue_garden_transporter

Skill      XL: |  1  2  3  4  5  6  7  8  9 10 11 12 13 |
---------------+----------------------------------------+-----
Invocations    | 1 2 3 4 5 6 7 8 |  8.8
Short Blades   | 1 2 3 4 5 6 7 8 |  8.0
Long Blades    | 1 2 3 4 5 6 7 8 |  8.0
Maces & Flails | 1 2 3 4 5 6 7 8 |  8.0
Polearms       | 1 2 3 4 5 6 7 8 |  8.0
Staves         | 1 2 3 4 5 6 7 8 |  8.0
Slings         | 1 2 3 4 5 6 7 8 |  8.0
Bows           | 1 2 3 4 5 6 7 8 |  8.0
Crossbows      | 1 2 3 4 5 6 7 8 |  8.0
Armour         | 1 2 3 4 5 6 7 8 |  8.0
Stealth        | 1 2 3 4 5 6 7 8 |  8.0
Shields        | 1 2 3 4 5 6 7 8 |  8.0
Unarmed Combat | 1 2 3 4 5 6 7 8 |  8.0
Spellcasting   | 1 2 3 4 5 6 7 8 |  8.0
Evocations     | 1 2 3 4 5 6 7 8 |  8.0
Conjurations   | 1 2 3 4 5 6 |  6.6
Hexes          | 1 2 3 4 5 6 |  6.6
Charms         | 1 2 3 4 5 6 |  6.6
Summonings     | 1 2 3 4 5 6 |  6.6
Necromancy     | 1 2 3 4 5 6 |  6.6
Translocations | 1 2 3 4 5 6 |  6.6
Transmutations | 1 2 3 4 5 6 |  6.6
Fire Magic     | 1 2 3 4 5 6 |  6.6
Ice Magic      | 1 2 3 4 5 6 |  6.6
Air Magic      | 1 2 3 4 5 6 |  6.6
Earth Magic    | 1 2 3 4 5 6 |  6.6
Poison Magic   | 1 2 3 4 5 6 |  6.6
Fighting       | 5 6 7 8 9 |  9.3
Throwing       | 5 6 7 8 9 |  9.3
Axes           | 7 8 9 10 | 10.3
Dodging        | 7 8 9 10 | 10.3

Action                   |  1- 3 |  4- 6 |  7- 9 | 10-12 | 13-15 || total
-------------------------+-------+-------+-------+-------+-------++-------
Melee: War axe           |    87 |   149 |   261 |    45 |       ||   542
       Bite              |     7 |    18 |    48 |   154 |    12 ||   239
       Dagger            |       |    19 |       |       |       ||    19
       Punch             |       |     1 |     6 |    26 |     1 ||    34
       Unarmed           |       |       |     2 |       |       ||     2
       Whip              |       |       |    90 |   269 |    74 ||   433
       Hand axe          |       |       |       |   603 |       ||   603
       Battleaxe         |       |       |       |    36 |       ||    36
 Fire: Hunting sling     |       |     5 |       |       |       ||     5
       Blowgun           |       |       |     9 |    49 |       ||    58
Throw: Throwing net      |       |       |     4 |       |       ||     4
       Tomahawk          |       |       |       |    15 |    52 ||    67
Invok: Line Pass         |       |       |     1 |       |       ||     1
Evoke: Sack of spiders   |       |       |       |     5 |     1 ||     6
       Wand              |       |       |       |     8 |    13 ||    21
       Phial of floods   |       |       |       |     1 |       ||     1
  Use: Potion            |       |     1 |       |     7 |     2 ||    10
       Scroll            |       |       |     4 |    16 |     1 ||    21
 Stab: Sleeping          |     2 |     4 |     4 |       |       ||    10
       Held in net/web   |       |       |     3 |     4 |       ||     7
       Paralysed         |       |       |     7 |    92 |     5 ||   104
       Distracted        |       |       |     2 |     2 |     1 ||     5
       Invisible         |       |       |     1 |       |       ||     1
  Eat: Chunk             |       |     6 |    14 |    19 |     4 ||    43
       Ration            |       |       |       |     5 |       ||     5
Armor: Leather armour    |    27 |    35 |    13 |       |       ||    75
       Plate armour      |       |     2 |   192 |   522 |    36 ||   752
Dodge: Dodged            |    98 |   121 |   220 |   454 |    30 ||   923

Table legend:
 A = Non-vault XP
 B = Vault XP
 C = Vault XP percentage of total XP
 D = Non-vault monster count
 E = Vault monster count
 F = Vault count percentage of total count
                 A         B        C        D         E       F
            +---------+---------+-------+---------+---------+-------
      Total |   27596 |   10488 |  27.5 |     343 |     127 |  27.0
            +---------+---------+-------+---------+---------+-------
        D:1 |      28 |       0 |   0.0 |      15 |       0 |   0.0
        D:2 |      85 |       0 |   0.0 |      27 |       0 |   0.0
        D:3 |     208 |      37 |  15.1 |      26 |      12 |  31.6
        D:4 |     317 |     260 |  45.1 |      12 |       3 |  20.0
        D:5 |     536 |       0 |   0.0 |      23 |       0 |   0.0
        D:6 |    1549 |     146 |   8.6 |      22 |       5 |  18.5
        D:7 |    1175 |     968 |  45.2 |      25 |       7 |  21.9
        D:8 |    1454 |     559 |  27.8 |      30 |      10 |  25.0
        D:9 |    7494 |    1693 |  18.4 |      37 |      30 |  44.8
       D:10 |    2293 |       0 |   0.0 |      23 |       0 |   0.0
       D:11 |    2912 |       0 |   0.0 |      27 |       0 |   0.0
       D:12 |    5375 |     702 |  11.6 |      32 |       2 |   5.9
      Orc:1 |     663 |    1085 |  62.1 |      15 |       1 |   6.2
      Orc:2 |    3507 |    2077 |  37.2 |      29 |       8 |  21.6
      Sewer |       0 |     160 | 100.0 |       0 |      39 | 100.0
      IceCv |       0 |    2801 | 100.0 |       0 |      10 | 100.0
            +---------+---------+-------+---------+---------+-------
